 Dungeon Crawl Stone Soup version 0.16-a0-3086-ga63ba9b (webtiles) character file.

3512 bullock the Destroyer (level 10, 0/67 HPs)
             Began as an Octopode Wizard on Dec 11, 2014.
             Slain by a sheep (4 damage)
             ... on level 8 of the Dungeon.
             The game lasted 00:44:54 (11373 turns).

bullock the Destroyer (Octopode Wizard)            Turns: 11373, Time: 00:44:54

Health: 0/67       AC:  3    Str:  7    XL:     10   Next: 8%
Magic:  21/25      EV:  2    Int: 24    God:
Gold:   542        SH:  0    Dex: 10    Spells: 5 memorised, 12 levels left

rFire  . . .     SeeInvis +     A - +0 dagger of the Dragonfly {freeze, +Inv rElec SInv}
rCold  . . .     Clarity  .     (no shield)
rNeg   + + +     SustAb   +     b - +2 hat
rPois  ∞         Gourm    .     (no amulet)
rElec  +         Spirit   .     x - ring of sustain abilities
rCorr  .         Warding  .     (no ring)
rMut   .         Stasis   .     (no ring)
MR     .....                    (no ring)
Stlth  ++++......               (no ring)
                                (no ring)
                                (no ring)
                                (no ring)

@: petrified, very slightly contaminated, repel missiles, not resistant to
hostile enchantments, stealthy
A: almost no armour, amphibious, 8 rings, constrict 8, camouflage 1, gelatinous
body 1
a: Evoke Invisibility


You were on level 8 of the Dungeon.
You were not hungry.

You visited 2 branches of the dungeon, and saw 9 of its levels.
You also visited: Sewer.

You collected 566 gold pieces.
You spent 24 gold pieces at shops.

Inventory:

Hand weapons
 A - the +0 dagger of the Dragonfly (weapon) {freeze, +Inv rElec SInv}
   (You found it on level 5 of the Dungeon)

   It has been specially enchanted to freeze those struck by it, causing extra
   injury to most foes and up to double damage against particularly susceptible
   opponents.
   It can also slow down cold-blooded creatures.
   It insulates you from electricity.
   It enhances your eyesight.
   It lets you turn invisible.
 C - a cursed -2 dagger
Armour
 b - a +2 hat (worn)
Jewellery
 x - a ring of sustain abilities (left tentacle)
Magical devices
 r - a wand of enslavement (13)
 v - a wand of cold (8)
 w - a wand of lightning (0)
 B - a wand of draining (10)
 G - a wand of flame (0)
Scrolls
 f - 3 scrolls of amnesia
 j - 3 scrolls of remove curse
 k - 3 scrolls of teleportation
 t - a scroll of fog
 u - 2 scrolls of fear
 y - a scroll of noise {unknown}
 D - a scroll of acquirement {unknown}
 H - 2 scrolls of magic mapping
Potions
 a - a potion of heal wounds {unknown}
 e - a potion of resistance
 g - 4 potions of curing
 i - 4 potions of restore abilities
 m - a potion of invisibility
 o - 6 potions of brilliance
 p - a potion of might
 q - 2 potions of haste {unknown}
 s - 2 potions of agility
 F - a potion of mutation {unknown}
Books
 c - a book of Minor Magic

   Spells                             Type                      Level
   a - Magic Dart                     Conjuration                  1
   b - Blink                          Translocation                2
   c - Call Imp                       Summoning                    2
   d - Repel Missiles                 Charms/Air                   2
   e - Slow                           Hexes                        2
   f - Conjure Flame                  Conjuration/Fire             3
   g - Mephitic Cloud                 Conjuration/Poison/Air       3
 E - a book of Summonings

   Spells                             Type                      Level
   a - Abjuration                     Summoning                    3
   b - Recall                         Summoning/Translocation      3
   c - Shadow Creatures               Summoning                    5
   d - Summon Demon                   Summoning                    5
   e - Summon Forest                  Summoning/Translocation      5
   f - Monstrous Menagerie            Summoning                    6
Comestibles
 d - 5 bread rations
 h - 4 meat rations
 l - a beef jerky
 n - 4 chunks of flesh
 z - a fruit


   Skills:
 + Level 5.6 Fighting
 + Level 5.4 Dodging
 - Level 4.2 Stealth
 + Level 7.2 Spellcasting
 + Level 9.1 Conjurations
   Level 1.0 Summonings
 - Level 1.0 Translocations


You had 12 spell levels left.
You knew the following spells:

 Your Spells              Type           Power        Failure   Level  Hunger
a - Magic Dart            Conj           ####         1%          1    None
f - Conjure Flame         Conj/Fire      ####....     3%          3    None
q - Blink                 Tloc           N/A          10%         2    None
r - Mephitic Cloud        Conj/Pois/Air  ###.....     10%         3    None
v - Repel Missiles        Chrm/Air       #.....       12%         2    None


Dungeon Overview and Level Annotations

Branches:
Dungeon (8/15)             Temple (1/1) D:4            Lair (0/8) D:8

Altars:
Ashenzari
Cheibriados
Dithmenos
Fedhas
Kikubaaqudgha
Makhleb
Nemelex Xobeh
Qazlal
Ru
Sif Muna
Trog
Yredelemnul
Zin
The Shining One

Shops:
D:4 (   D:6 *(:}


Innate Abilities, Weirdness & Mutations

You cannot wear most types of armour.
You are amphibious.
You can wear up to eight rings at the same time.
You can use your tentacles to constrict many enemies at once.
Your skin changes colour to match your surroundings (Stealth).
Your rubbery body absorbs attacks (AC +1).


Message History

The porcupine bites you. The sheep bites you!
The river rat twitches its whiskers.
The sheep bites you!
* * * LOW HITPOINT WARNING * * *
The sheep "Baaaas" balefully.
The sheep bites you.
* * * LOW HITPOINT WARNING * * *
The sheep bites you!
* * * LOW HITPOINT WARNING * * *
The porcupine bites you.
* * * LOW HITPOINT WARNING * * *
The sheep bites you but does no damage. The sheep bites you!
* * * LOW HITPOINT WARNING * * *
The sheep "Baaaas" balefully.
The sheep bites you but does no damage. The basilisk gazes at you.
You barely resist.
An ice beast comes into view.
The sheep barely misses you. The sheep bites you!
You die...

.....######...<..# ##.......
.........#.......# #.......
.................# ## #.......
.......).<.......# #.## ##......
.................##...## ##......
.................#.....# #..!....
..........(.....Yr.....###.......
..........(.<..lYY......##.......
...............Y@YYY....#...#....
...............YYrYr....#..###...
.................Yrr.....r..#####
..............#...YY....r#.....
...........###...........P###...
...._....### #...........♣..####.
........## ..........Y....
.......## #.Y....♣..Y.....r.
......## ... ....r......


You could see a basilisk, an ice beast (wandering), 2 porcupines, 13 sheep and 3
river rats.

Vanquished Creatures
  2 orc warriors (D:7)
  Purgy (Sewer)
  4 ogres
  A sky beast (D:5)
  2 phantoms
  3 centaurs
  A big kobold (D:7)
  The ghost of bullock the Sneak, an average OpWz (D:3)
  Blork the orc (D:5)
  5 giant frogs
  A scorpion (D:7)
  3 wights (D:6)
  10 killer bees
  4 crimson imps
  2 goliath beetles
  A giant frog zombie (D:4)
  4 orc priests
  2 hounds
  10 orc wizards
  9 worker ants
  A centaur skeleton (D:7)
  An iguana (D:7)
  13 adders
  A shadow imp (D:7)
  3 giant mites
  4 worms
  An adder zombie (D:7)
  An adder skeleton (D:7)
  4 giant geckos
  42 orcs
  3 ball pythons
  11 bats
  A bat zombie (D:5)
  9 giant cockroaches
  12 goblins
  9 hobgoblins
  7 jackals
  25 kobolds
  4 quokkas
  6 giant newts
  A giant newt zombie (D:7)
  A giant spore (D:7)
  A hobgoblin zombie (D:7)
  A jackal skeleton (D:3)
  A kobold zombie (D:7)
  9 rats
  A ballistomycete (D:7)
  A fungus (Temple)
  A plant (Temple)
242 creatures vanquished.

Vanquished Creatures (others)
  A killer bee (D:8)
  A fungus (D:8)
2 creatures vanquished.

Grand Total: 244 creatures vanquished

Notes
Turn   | Place    | Note
--------------------------------------------------------------
     0 | D:1      | bullock, the Octopode Wizard, began the quest for the Orb.
     0 | D:1      | Reached XP level 1. HP: 11/11 MP: 4/4
   224 | D:1      | Reached XP level 2. HP: 17/17 MP: 3/6
   745 | D:1      | Reached XP level 3. HP: 21/21 MP: 1/8
   839 | D:1      | Learned a level 2 spell: Blink
   842 | D:1      | Learned a level 2 spell: Repel Missiles
   846 | D:1      | Learned a level 3 spell: Mephitic Cloud
  1708 | D:3      | Noticed bullock's ghost (average OpWz)
  1923 | D:3      | Reached XP level 4. HP: 16/27 MP: 3/9
  2329 | D:3      | Reached skill level 4 in Stealth
  2329 | D:3      | Reached XP level 5. HP: 16/31 MP: 0/11
  2686 | D:3      | Reached XP level 6. HP: 20/36 MP: 1/13
  3277 | D:2      | Learned a level 3 spell: Conjure Flame
  3433 | D:3      | Reached skill level 5 in Conjurations
  3614 | D:3      | Killed bullock's ghost
  3807 | D:4      | Found a staircase to the Ecumenical Temple.
  3814 | Temple   | Entered the Ecumenical Temple
  4554 | D:4      | Reached XP level 7. HP: 41/41 MP: 7/17
  4559 | D:4      | Found Moac Ipn's Weapon Emporium.
  4843 | D:4      | Reached skill level 6 in Conjurations
  5480 | D:5      | Entered Level 5 of the Dungeon
  5507 | D:5      | Reached skill level 1 in Fighting
  5507 | D:5      | Reached skill level 5 in Spellcasting
  5507 | D:5      | Reached XP level 8. HP: 27/48 MP: 4/20
  5780 | D:5      | Reached skill level 7 in Conjurations
  5843 | D:5      | Got a scorched dagger
  5844 | D:5      | Identified the cursed +0 dagger of the Dragonfly {freeze, +Inv rElec SInv} (You found it on level 5 of the Dungeon)
  5918 | D:5      | Noticed Blork the orc
  5931 | D:5      | Killed Blork the orc
  6648 | D:5      | Found a shattered altar of Ashenzari.
  7134 | D:6      | Found a glowing drain.
  7235 | Sewer    | Entered a sewer
  7301 | Sewer    | Noticed Purgy
  7304 | Sewer    | Killed Purgy
  7447 | D:6      | Found Ykaecash's Weapon Boutique.
  7707 | D:6      | Found an ancient bone altar of Kikubaaqudgha.
  7743 | D:6      | Found Syrhumm's Book Boutique.
  7761 | D:6      | Found Phucsymi's Gadget Shoppe.
  8123 | D:6      | Reached XP level 9. HP: 58/58 MP: 9/22
  8453 | D:6      | Reached skill level 8 in Conjurations
  8690 | D:6      | Found Schios' General Store.
  8694 | D:6      | Bought a scroll of identify for 24 gold pieces
  9978 | D:7      | Reached skill level 5 in Fighting
 10598 | D:7      | Reached skill level 5 in Dodging
 10877 | D:8      | Found a stormy altar of Qazlal.
 10949 | D:8      | Reached skill level 9 in Conjurations
 10949 | D:8      | Reached XP level 10. HP: 64/66 MP: 3/25
 11362 | D:8      | Found a staircase to the Lair.
 11373 | D:8      | Slain by a sheep

Action                   |  1- 3 |  4- 6 |  7- 9 | 10-12 || total
-------------------------+-------+-------+-------+-------++-------
Melee: Unarmed           |     7 |       |       |       ||     7
       Short sword       |     8 |   105 |    53 |       ||   166
       Dagger            |       |       |   145 |    26 ||   171
 Cast: Magic Dart        |   113 |   114 |   362 |     7 ||   596
       Repel Missiles    |     1 |     1 |     2 |       ||     4
       Mephitic Cloud    |       |     7 |    32 |     4 ||    43
       Blink             |       |     5 |    18 |     2 ||    25
       Conjure Flame     |       |       |    29 |     4 ||    33
Evoke: Wand              |       |       |    12 |     4 ||    16
  Use: Potion            |       |     2 |       |       ||     2
       Scroll            |       |       |    21 |     2 ||    23
 Stab: Sleeping          |       |     1 |     7 |       ||     8
       Confused          |       |     2 |     6 |       ||     8
  Eat: Chunk             |     3 |     4 |    18 |     2 ||    27
       Meat ration       |       |     1 |       |       ||     1
       Beef jerky        |       |     1 |       |       ||     1
